 Dungeon Crawl Stone Soup version 0.25-a0-737-g26c3a87c45 (webtiles) character file.

Game seed: 14027118893011014495, levelgen mode: deterministic

140 Esekla the Slasher (level 5, -7/41 HPs)
             Began as a Barachi Warper on Apr 12, 2020.
             Killed by divine providence
             ... invoked by an orc priest
              (11 damage)
             ... on level 3 of the Dungeon.
             The game lasted 00:13:14 (2769 turns).

Esekla the Slasher (Barachi Warper)                 Turns: 2769, Time: 00:13:15

Health: -7/41      AC:  8    Str: 13    XL:     5   Next: 23%
Magic:  8/9        EV: 11    Int: 14    God:
Gold:   71         SH:  0    Dex: 11    Spells: 6/10 levels left

rFire    . . .     SeeInvis .   a - +0 falchion
rCold    + + .     Gourm    .   (no shield)
rNeg     . . .     Faith    .   u - +2 ring mail {rC+}
rPois    .         Spirit   .   (no helmet)
rElec    .         Reflect  .   i - +0 cloak
rCorr    .         Harm     .   (no gloves)
MR       .....                  (no boots)
Stlth    +.........             (no amulet)
HPRegen  0.13/turn              q - ring of protection from cold
MPRegen  0.11/turn              (no ring)

@: slow
A: +LOS, swims, slowness 1, strong legs 1
a: Hop


You were on level 3 of the Dungeon.
You were not hungry.

You visited 1 branch of the dungeon, and saw 3 of its levels.

You collected 71 gold pieces.

Inventory:

Hand Weapons
 a - a +0 falchion (weapon)
Missiles
 e - 5 boomerangs of dispersal
 l - 11 poisoned darts (quivered)
Armour
 b - a +0 leather armour
 i - a +0 cloak (worn)
 u - a +2 ring mail of cold resistance (worn)
Jewellery
 g - an uncursed ring of stealth
 q - a ring of protection from cold (left hand)
Scrolls
 d - a scroll of blinking
 j - 2 scrolls of teleportation {unknown}
 k - 8 scrolls of identify {unknown}
 m - 2 scrolls of amnesia {unknown}
 r - a scroll of enchant armour {unknown}
 s - a scroll of magic mapping {unknown}
 t - a scroll of immolation {unknown}
Potions
 c - a potion of degeneration {unknown}
 h - a potion of flight {unknown}
 n - a potion of lignification {unknown}
 o - 2 potions of curing {unknown}
 p - a potion of resistance {unknown}
Comestibles
 f - 5 rations
 v - 2 chunks of flesh


   Skills:
 + Level 3.0 Fighting
 * Level 4.2 Long Blades
 + Level 1.0 Throwing
 * Level 1.9 Armour
 + Level 2.6 Dodging
 * Level 3.0 Spellcasting
 * Level 1.3 Charms
 + Level 3.6 Translocations


You had 6 spell levels left.
You knew the following spells:

 Your Spells              Type           Power        Failure   Level  Hunger
a - Shroud of Golubria    Chrm/Tloc      #.....       24%         2    ##.....
b - Blink                 Tloc           N/A          16%         2    ##.....

Your spell library contained the following spells:

 Spells                   Type           Power        Failure   Level  Hunger
 Gell's Gravitas          Tloc           ##........   30%         3    ###....
 Lesser Beckoning         Tloc           ##........   30%         3    ###....
 Teleport Other           Tloc           ##......     30%         3    ###....
 Passage of Golubria      Tloc           N/A          69%         4    #####..


Dungeon Overview and Level Annotations

Branches:
Dungeon (3/15)

Altars:


Innate Abilities, Weirdness & Mutations

You can be seen from farther away. (+LOS)
You can swim through water.
You cover ground slowly.
You can hop short distances.


Message History

You hit the orc.
You kill the orc!
The orc priest calls down the wrath of Beogh upon you.
Beogh smites you! The orc priest closely misses you.
You see here a +0 flail.
You hit the orc priest.
The orc priest is moderately wounded.
The orc priest mumbles some strange prayers to Beogh against you.
Beogh smites you!
* * * LOW HITPOINT WARNING * * *
You slash the orc priest!
The orc priest is severely wounded.
The orc priest hits you with a +0 hand axe.
* * * LOW HITPOINT WARNING * * *
You hit the orc priest but do no damage.
The orc priest is severely wounded.
The orc priest invokes the aid of Beogh against you.
Beogh smites you!
You die...

.##<##.#### ...
.#>รท).....# #.#
.^.....##.# #.#
#########.# #####.#####
#####.###.........# #
#.........###.###.# ##
#..##.##..# #.##..##
.####...#.##).###......#
.+..............@o.....#
.####.....##..####..>..#
## #..#.###..... .....#
# #.##.###.#####.###.#
#........# .. ##
####.###### .#
#........# .# #.#..###.#
.# #........# ..


You could see an orc priest.

Vanquished Creatures
  An orc wizard (D:2)
  3 adders
  3 oozes (D:1)
  A worm (D:3)
  3 dart slugs
  A leopard gecko (D:1)
  3 orcs (D:3)
  6 giant cockroaches
  5 goblins
  9 hobgoblins
  A ball python (D:1)
  7 bats
  A frilled lizard (D:2)
  6 kobolds
  12 rats
62 creatures vanquished.

Notes
Turn   | Place    | Note
-------+----------+-------------------------------------------
     0 | D:1      | Esekla the Barachi Warper began the quest for the Orb.
     0 | D:1      | Reached XP level 1. HP: 17/17 MP: 3/3
   477 | D:1      | Reached XP level 2. HP: 23/23 MP: 5/5
   481 | D:1      | Learned a level 2 spell: Shroud of Golubria
   484 | D:1      | Learned a level 2 spell: Blink
   920 | D:1      | Reached skill level 3 in Long Blades
   944 | D:1      | Reached XP level 3. HP: 28/28 MP: 6/6
  1732 | D:2      | Reached skill level 1 in Charms
  1748 | D:2      | Reached XP level 4. HP: 32/34 MP: 4/8
  2454 | D:3      | Reached skill level 4 in Long Blades
  2613 | D:2      | Reached XP level 5. HP: 32/41 MP: 7/9
  2769 | D:3      | Killed from afar by an orc priest

Levels and vault maps discovered:
D:1:      co_arrival_random_square_maze, layout_basic, grunt_decor_fettered,
          kennysheep_small_spiral, kennysheep_flooded_box
D:2:      layout_rooms
D:3:      cheibrodos_thug_alley, layout_loops_corners

Skill      XL: |  1  2  3  4 |
---------------+-------------+-----
Long Blades    | 3 4 |  4.2
Charms         | 1 |  1.3
Spellcasting   | 3 |  3.0
Fighting       | 3 |  3.0
Throwing       | |  1.0
Armour         | |  1.9
Dodging        | |  2.6
Translocations | |  3.6

Action                   |  1- 3 |  4- 6 || total
-------------------------+-------+-------++-------
Melee: Falchion          |   116 |   106 ||   222
Throw: Dart              |       |     2 ||     2
 Cast: Shroud of Golubri |     2 |     8 ||    10
  Eat: Chunk             |     3 |     5 ||     8
Armor: Leather armour    |    36 |    37 ||    73
       Ring mail         |       |     1 ||     1
Dodge: Dodged            |    76 |    69 ||   145
       Rpst.: Falchion   |    30 |    22 ||    52

Table legend:
 A = Non-vault XP
 B = Vault XP
 C = Vault XP percentage of total XP
 D = Non-vault monster count
 E = Vault monster count
 F = Vault count percentage of total count
                 A         B        C        D         E       F
            +---------+---------+-------+---------+---------+-------
      Total |     199 |       2 |   1.0 |      61 |       1 |   1.6
            +---------+---------+-------+---------+---------+-------
        D:1 |      67 |       0 |   0.0 |      30 |       0 |   0.0
        D:2 |     105 |       0 |   0.0 |      26 |       0 |   0.0
        D:3 |      27 |       2 |   6.9 |       5 |       1 |  16.7
            +---------+---------+-------+---------+---------+-------
